General information
- name: BNet
- type: Ladder team game (AT/RT)
- host: Battle.net
- saver: BEAR_AND
map: Monsoon
- players: 6
- length: 78:34
- speed: Fast
- version: 1.21 W3XP
- replay type:

» download(604 KB)
Players
team 1 (winner)
BEAR_AND (
yellow | 127 APM | 9956 actions | 78:34)
7 Pandaren Brewmaster
3 Breath of Fire
3 Drunken Haze
1 Storm Earth and Fire
1 Dark Ranger
1 Silence
» actions
| Assign group hotkey | 30 | |
| Basic commands | 15 | |
| Build / train | 132 | |
| Enter build submenu | 33 | |
| Enter hero's abilities submenu | 11 | |
| Give item / drop item | 12 | |
| Remove unit from queue | 8 | |
| Right click | 7186 | |
| Select / deselect | 583 | |
| Select group hotkey | 1727 | |
| Use ability | 218 | |
9956 total
» units
» upgrades
| Strength of the Wild | 3 | |
| Corrosive Breath | 1 | |
| Reinforced Hides | 4 | |
| Well Spring | 1 | |
| Nature's Blessing | 1 | |
| Ultravision | 1 | |
11 total
» buildings
| Altar of Elders | 1 | |
| Ancient of War | 3 | |
| Tree of Life | 4 | |
| Moon Well | 11 | |
| Tree of Ages | 1 | |
| Ancient of Wonders | 3 | |
| Tree of Eternity | 1 | |
| Ancient of Wind | 1 | |
| Hunter's Hall | 2 | |
| Chimaera Roost | 2 | |
29 total
» build order
00:53 Altar of Elders
01:07 Ancient of War
01:20 Tree of Life
01:33 Moon Well
01:57 Ancient of War
02:06 Ancient of War
05:07 Moon Well
05:52 Tree of Ages
06:12 Moon Well
08:01 Tree of Life
09:24 Ancient of Wonders
10:43 Tree of Eternity
10:58 Ancient of Wind
11:00 Hunter's Hall
11:35 Moon Well
11:37 Moon Well
11:37 Moon Well
12:49 Moon Well
13:26 Tree of Life
14:01 Chimaera Roost
14:05 Chimaera Roost
21:12 Moon Well
24:11 Ancient of Wonders
24:55 Ancient of Wonders
26:36 Hunter's Hall
34:02 Tree of Life
52:18 Moon Well
52:21 Moon Well
52:22 Moon Well
» items
| Boots of Speed | 1 | |
| Staff of Teleportation | 1 | |
| Dust of Appearance | 1 | |
| Scroll of Town Portal | 5 | |
| Potion of Lesser Invulnerability | 1 | |
| Lesser Clarity Potion | 8 | |
| Orb of Venom | 1 | |
| Potion of Healing | 3 | |
| Staff of Sanctuary | 1 | |
| Potion of Invisibility | 2 | |
| Scroll of Regeneration | 2 | |
| Staff of Preservation | 1 | |
| Potion of Mana | 4 | |
31 total
NADMaN (
purple | 126 APM | 9883 actions | 78:33)
5 Archmage
1 Summon Water Elemental
3 Brilliance Aura
1 Blizzard
6 Mountain King
3 Storm Bolt
2 Bash
1 Avatar
7 Paladin
3 Holy Light
1 Divine Shield
3 Devotion Aura
» actions
| Assign group hotkey | 50 | |
| Basic commands | 134 | |
| Build / train | 163 | |
| ESC pressed | 5 | |
| Enter build submenu | 43 | |
| Enter hero's abilities submenu | 26 | |
| Give item / drop item | 6 | |
| Right click | 4736 | |
| Select / deselect | 1014 | |
| Select group hotkey | 3297 | |
| Use ability | 409 | |
9883 total
» units
| Peasant | 22 | |
| Dragonhawk Rider | 14 | |
| Gryphon Rider | 13 | |
49 total
» upgrades
| Masonry | 3 | |
| Lumber Harvesting | 2 | |
| Gunpowder | 1 | |
| Magic Sentry | 1 | |
| Animal War Training | 1 | |
| Armor | 3 | |
| Cloud | 1 | |
| Swords | 3 | |
| Storm Hammers | 1 | |
16 total
» buildings
| Altar of Kings | 1 | |
| Farm | 13 | |
| Lumber Mill | 1 | |
| Scout Tower | 30 | |
| Guard Tower | 18 | |
| Keep | 3 | |
| Arcane Tower | 6 | |
| Barracks | 1 | |
| Arcane Sanctum | 1 | |
| Castle | 2 | |
| Town Hall | 1 | |
| Blacksmith | 1 | |
| Gryphon Aviary | 4 | |
| Arcane Vault | 1 | |
83 total
» build order
00:04 Altar of Kings
00:08 Farm
00:16 Farm
02:49 Lumber Mill
04:08 Scout Tower
04:08 Scout Tower
04:09 Scout Tower
04:10 Scout Tower
04:12 Scout Tower
04:14 Scout Tower
04:27 Guard Tower
04:34 Guard Tower
04:35 Guard Tower
06:32 Keep
06:33 Keep
07:02 Scout Tower
07:02 Scout Tower
07:05 Scout Tower
07:06 Scout Tower
07:07 Scout Tower
07:08 Scout Tower
07:08 Scout Tower
07:09 Scout Tower
07:10 Scout Tower
08:00 Arcane Tower
08:01 Arcane Tower
08:02 Guard Tower
08:34 Guard Tower
08:40 Barracks
09:18 Scout Tower
09:18 Scout Tower
09:19 Scout Tower
09:19 Scout Tower
09:20 Scout Tower
09:21 Scout Tower
09:24 Guard Tower
09:24 Guard Tower
09:35 Farm
09:36 Farm
09:37 Farm
09:50 Arcane Sanctum
10:13 Castle
10:13 Castle
10:16 Arcane Tower
10:16 Arcane Tower
10:42 Town Hall
10:47 Guard Tower
11:23 Scout Tower
11:24 Scout Tower
11:25 Scout Tower
11:26 Scout Tower
11:27 Scout Tower
12:50 Arcane Tower
12:50 Arcane Tower
12:51 Guard Tower
13:35 Guard Tower
13:35 Guard Tower
14:13 Scout Tower
14:25 Blacksmith
15:34 Gryphon Aviary
15:36 Gryphon Aviary
16:40 Scout Tower
16:42 Scout Tower
16:43 Scout Tower
17:31 Guard Tower
17:34 Guard Tower
17:35 Guard Tower
18:28 Arcane Vault
19:41 Gryphon Aviary
19:45 Gryphon Aviary
20:59 Farm
21:02 Farm
24:07 Farm
24:08 Farm
31:08 Farm
31:10 Farm
31:12 Farm
31:16 Farm
» items
| Tome of Retraining | 1 | |
| Boots of Speed | 3 | |
| Staff of Teleportation | 3 | |
| Periapt of Vitality | 4 | |
| Lesser Clarity Potion | 1 | |
| Scroll of Town Portal | 9 | |
| Orb of Fire | 2 | |
| Staff of Sanctuary | 3 | |
| Potion of Healing | 1 | |
| Ivory Tower | 1 | |
| Scroll of Regeneration | 6 | |
| Scroll of Protection | 3 | |
37 total
tIMG4strok (
orange | 100 APM | 7848 actions | 78:33)
6 Archmage
3 Summon Water Elemental
2 Brilliance Aura
1 Mass Teleport
5 Mountain King
3 Storm Bolt
2 Bash
6 Pandaren Brewmaster
3 Breath of Fire
1 Drunken Haze
1 Drunken Brawler
1 Storm Earth and Fire
» actions
| Assign group hotkey | 37 | |
| Basic commands | 132 | |
| Build / train | 156 | |
| ESC pressed | 7 | |
| Enter build submenu | 118 | |
| Enter hero's abilities submenu | 21 | |
| Give item / drop item | 6 | |
| Remove unit from queue | 1 | |
| Right click | 3614 | |
| Select / deselect | 603 | |
| Select group hotkey | 2610 | |
| Use ability | 543 | |
7848 total
» units
| Peasant | 29 | |
| Dragonhawk Rider | 11 | |
| Siege Engine | 6 | |
| Flying Machine | 2 | |
48 total
» upgrades
| Masonry | 3 | |
| Magic Sentry | 1 | |
| Animal War Training | 1 | |
| Armor | 3 | |
| Swords | 3 | |
| Cloud | 1 | |
| Storm Hammers | 1 | |
| Gunpowder | 3 | |
| Plating | 3 | |
| Barrage | 1 | |
| Flak Cannons | 1 | |
21 total
» buildings
| Altar of Kings | 1 | |
| Farm | 13 | |
| Lumber Mill | 3 | |
| Arcane Vault | 5 | |
| Scout Tower | 122 | |
| Guard Tower | 38 | |
| Arcane Tower | 3 | |
| Keep | 1 | |
| Arcane Sanctum | 1 | |
| Town Hall | 1 | |
| Castle | 1 | |
| Blacksmith | 1 | |
| Barracks | 1 | |
| Gryphon Aviary | 2 | |
| Workshop | 2 | |
195 total
» build order
00:02 Altar of Kings
00:06 Farm
00:09 Farm
01:36 Lumber Mill
02:52 Arcane Vault
04:18 Scout Tower
04:19 Scout Tower
04:19 Scout Tower
04:52 Guard Tower
05:04 Scout Tower
05:05 Scout Tower
05:29 Scout Tower
05:32 Scout Tower
06:04 Arcane Tower
06:09 Guard Tower
06:14 Scout Tower
06:14 Scout Tower
06:15 Scout Tower
06:44 Scout Tower
06:45 Scout Tower
07:01 Keep
07:04 Scout Tower
07:05 Scout Tower
07:10 Guard Tower
07:12 Scout Tower
07:14 Guard Tower
07:17 Lumber Mill
07:36 Guard Tower
07:42 Guard Tower
07:55 Guard Tower
08:31 Scout Tower
08:32 Scout Tower
09:25 Arcane Sanctum
09:27 Guard Tower
09:36 Town Hall
09:43 Scout Tower
09:44 Scout Tower
09:44 Scout Tower
09:45 Scout Tower
09:46 Scout Tower
09:47 Scout Tower
09:49 Scout Tower
09:50 Scout Tower
09:52 Scout Tower
09:52 Scout Tower
10:03 Farm
10:04 Farm
10:05 Farm
10:13 Guard Tower
10:19 Scout Tower
10:20 Scout Tower
11:02 Arcane Tower
11:04 Guard Tower
11:13 Arcane Vault
11:20 Scout Tower
11:21 Scout Tower
11:22 Scout Tower
11:23 Scout Tower
11:32 Guard Tower
11:35 Guard Tower
13:10 Castle
13:35 Guard Tower
14:24 Blacksmith
14:27 Barracks
15:42 Scout Tower
15:43 Scout Tower
15:44 Scout Tower
15:45 Scout Tower
15:46 Scout Tower
15:46 Scout Tower
15:57 Scout Tower
16:00 Scout Tower
16:01 Scout Tower
16:11 Scout Tower
16:12 Scout Tower
16:15 Scout Tower
16:16 Scout Tower
16:17 Scout Tower
16:18 Scout Tower
16:19 Scout Tower
16:20 Scout Tower
16:20 Scout Tower
16:21 Scout Tower
16:22 Scout Tower
16:22 Scout Tower
16:23 Scout Tower
16:23 Scout Tower
16:24 Scout Tower
16:25 Scout Tower
16:56 Guard Tower
16:58 Scout Tower
16:59 Scout Tower
17:00 Scout Tower
17:02 Scout Tower
17:03 Scout Tower
17:04 Scout Tower
17:05 Scout Tower
17:25 Guard Tower
17:31 Guard Tower
18:16 Gryphon Aviary
18:17 Gryphon Aviary
18:32 Guard Tower
19:20 Guard Tower
19:22 Scout Tower
19:23 Scout Tower
19:24 Scout Tower
19:25 Scout Tower
19:26 Scout Tower
19:26 Scout Tower
19:28 Scout Tower
19:29 Scout Tower
19:30 Scout Tower
19:30 Scout Tower
19:45 Scout Tower
19:46 Scout Tower
20:01 Guard Tower
20:56 Guard Tower
20:59 Guard Tower
22:49 Guard Tower
23:15 Arcane Vault
23:16 Arcane Vault
27:04 Scout Tower
27:04 Scout Tower
27:06 Scout Tower
27:06 Scout Tower
28:09 Guard Tower
28:14 Arcane Tower
29:02 Scout Tower
29:04 Scout Tower
29:05 Scout Tower
29:06 Scout Tower
29:07 Scout Tower
32:04 Scout Tower
32:05 Scout Tower
32:06 Scout Tower
32:08 Scout Tower
32:09 Scout Tower
32:35 Guard Tower
32:36 Guard Tower
32:49 Guard Tower
32:58 Scout Tower
32:59 Scout Tower
32:59 Scout Tower
33:00 Scout Tower
33:01 Scout Tower
33:02 Scout Tower
33:03 Scout Tower
33:03 Scout Tower
33:04 Scout Tower
33:05 Scout Tower
33:39 Arcane Vault
33:41 Guard Tower
34:01 Guard Tower
34:02 Guard Tower
34:05 Scout Tower
34:06 Scout Tower
34:08 Scout Tower
34:09 Scout Tower
34:09 Scout Tower
34:10 Scout Tower
34:11 Scout Tower
34:12 Scout Tower
34:28 Guard Tower
34:35 Lumber Mill
34:55 Guard Tower
34:59 Scout Tower
35:00 Scout Tower
35:01 Scout Tower
35:02 Scout Tower
35:06 Guard Tower
35:08 Scout Tower
35:09 Scout Tower
35:10 Scout Tower
35:11 Scout Tower
36:00 Guard Tower
36:19 Guard Tower
36:54 Guard Tower
38:36 Farm
38:36 Farm
38:38 Farm
38:40 Farm
39:06 Guard Tower
40:00 Scout Tower
40:42 Guard Tower
40:44 Scout Tower
40:46 Scout Tower
40:47 Scout Tower
40:48 Scout Tower
45:43 Guard Tower
48:04 Workshop
48:05 Workshop
48:16 Farm
48:17 Farm
48:18 Farm
50:19 Farm
» items
| Scroll of Regeneration | 3 | |
| Staff of Teleportation | 5 | |
| Staff of Sanctuary | 3 | |
| Boots of Speed | 1 | |
| Orb of Venom | 3 | |
| Scroll of Town Portal | 2 | |
| Potion of Healing | 3 | |
20 total
team 2 (loser)
El_Sheffieldo (
blue | 74 APM | 5808 actions | 78:17)
9 Blademaster
3 Wind Walk
2 Critical Strike
1 Bladestorm
3 Mirror Image
» actions
| Assign group hotkey | 67 | |
| Basic commands | 18 | |
| Build / train | 125 | |
| ESC pressed | 7 | |
| Enter build submenu | 69 | |
| Enter hero's abilities submenu | 9 | |
| Give item / drop item | 15 | |
| Remove unit from queue | 2 | |
| Right click | 2573 | |
| Select / deselect | 709 | |
| Select group hotkey | 1789 | |
| Use ability | 425 | |
5808 total
» units
» upgrades
| Spiked Barricades | 0 | |
| Ranged Weapons | 3 | |
| Reinforced Defenses | 1 | |
| Liquid Fire | 1 | |
| Armor | 3 | |
8 total
» buildings
| Altar of Storms | 1 | |
| Orc Burrow | 6 | |
| War Mill | 5 | |
| Barracks | 1 | |
| Watch Tower | 38 | |
| Stronghold | 3 | |
| Voodoo Lounge | 3 | |
| Fortress | 2 | |
| Great Hall | 3 | |
| Beastiary | 6 | |
68 total
» build order
00:05 Altar of Storms
00:22 Orc Burrow
00:51 War Mill
00:54 War Mill
02:03 Barracks
02:06 Watch Tower
02:20 Watch Tower
02:27 Orc Burrow
03:02 Watch Tower
04:16 Watch Tower
04:34 Watch Tower
04:38 Stronghold
04:43 Voodoo Lounge
05:13 Voodoo Lounge
05:44 Watch Tower
06:25 Watch Tower
06:32 Watch Tower
07:04 Fortress
07:30 Orc Burrow
07:35 Orc Burrow
07:44 Watch Tower
07:52 Great Hall
07:55 Watch Tower
09:15 Beastiary
10:43 Beastiary
10:44 Beastiary
11:52 Watch Tower
11:53 Watch Tower
14:06 Watch Tower
14:13 War Mill
15:07 Orc Burrow
15:11 Orc Burrow
22:50 Great Hall
22:53 Watch Tower
22:55 Watch Tower
22:58 Watch Tower
23:00 Watch Tower
23:03 Stronghold
23:11 Watch Tower
23:13 Watch Tower
23:14 Watch Tower
23:16 Watch Tower
23:17 Watch Tower
23:18 Watch Tower
23:24 Watch Tower
23:39 Watch Tower
23:41 Watch Tower
23:42 Watch Tower
23:45 Voodoo Lounge
23:48 Watch Tower
23:50 Watch Tower
25:34 Stronghold
25:36 Beastiary
25:37 Beastiary
25:38 Beastiary
26:17 Great Hall
26:19 Watch Tower
26:20 Watch Tower
26:21 Watch Tower
26:21 Watch Tower
26:22 Watch Tower
27:27 Watch Tower
27:29 Watch Tower
27:31 Watch Tower
27:32 Watch Tower
27:59 Fortress
45:41 War Mill
48:05 War Mill
» items
| Boots of Speed | 1 | |
| Staff of Teleportation | 1 | |
| Healing Salve | 4 | |
| Lesser Clarity Potion | 13 | |
| Orb of Lightning | 1 | |
| Potion of Healing | 3 | |
| Potion of Lesser Invulnerability | 5 | |
| Potion of Mana | 4 | |
| Scroll of Regeneration | 2 | |
| Scroll of Town Portal | 2 | |
36 total
GravyRobber (
green | 51 APM | 3995 actions | 78:28)
7 Demon Hunter
3 Mana Burn
3 Evasion
1 Metamorphosis
» actions
| Assign group hotkey | 38 | |
| Basic commands | 13 | |
| Build / train | 61 | |
| Enter build submenu | 19 | |
| Enter hero's abilities submenu | 7 | |
| Give item / drop item | 1 | |
| Right click | 3270 | |
| Select / deselect | 422 | |
| Select group hotkey | 1 | |
| Use ability | 163 | |
3995 total
» units
| Wisp | 18 | |
| Druid of the Talon | 1 | |
| Hippogryph | 15 | |
| Ogre Magi | 1 | |
35 total
» upgrades
| Druid of the Talon Training | 1 | |
| Ultravision | 1 | |
| Well Spring | 1 | |
3 total
» buildings
| Altar of Elders | 2 | |
| Moon Well | 12 | |
| Tree of Life | 2 | |
| Tree of Ages | 1 | |
| Ancient of Wind | 1 | |
| Hunter's Hall | 1 | |
| Tree of Eternity | 1 | |
20 total
» build order
00:07 Altar of Elders
00:17 Moon Well
00:53 Moon Well
03:17 Moon Well
06:14 Moon Well
06:20 Tree of Life
06:40 Tree of Life
13:58 Altar of Elders
15:12 Moon Well
16:08 Tree of Ages
19:04 Ancient of Wind
19:53 Hunter's Hall
30:47 Moon Well
36:35 Tree of Eternity
56:01 Moon Well
56:03 Moon Well
56:14 Moon Well
56:25 Moon Well
56:28 Moon Well
56:31 Moon Well
» items
| Potion of Healing | 3 | |
| Staff of Teleportation | 1 | |
| Boots of Speed | 1 | |
| Potion of Mana | 3 | |
| Orb of Fire | 1 | |
| Scroll of Regeneration | 1 | |
| Scroll of Town Portal | 1 | |
| Potion of Lesser Invulnerability | 2 | |
13 total
NOTAJOKEACCT (
teal | 61 APM | 4788 actions | 78:32)
8 Archmage
3 Blizzard
3 Brilliance Aura
1 Mass Teleport
1 Summon Water Elemental
7 Blood Mage
3 Flame Strike
3 Siphon Mana
1 Summon Phoenix
1 Mountain King
1 Storm Bolt
» actions
| Assign group hotkey | 6 | |
| Basic commands | 182 | |
| Build / train | 189 | |
| ESC pressed | 19 | |
| Enter build submenu | 86 | |
| Enter hero's abilities submenu | 16 | |
| Give item / drop item | 11 | |
| Right click | 2364 | |
| Select / deselect | 1399 | |
| Select group hotkey | 7 | |
| Use ability | 509 | |
4788 total
» units
| Peasant | 40 | |
| Dragonhawk Rider | 31 | |
| Mortar Team | 1 | |
| Siege Engine | 3 | |
75 total
» upgrades
| Masonry | 3 | |
| Lumber Harvesting | 1 | |
| Cloud | 1 | |
| Animal War Training | 1 | |
| Swords | 3 | |
| Armor | 3 | |
| Magic Sentry | 1 | |
| Gunpowder | 3 | |
| Fragmentation Shards | 1 | |
| Barrage | 1 | |
| Plating | 1 | |
19 total
» buildings
| Altar of Kings | 1 | |
| Farm | 11 | |
| Scout Tower | 47 | |
| Lumber Mill | 1 | |
| Arcane Tower | 10 | |
| Guard Tower | 18 | |
| Keep | 1 | |
| Arcane Vault | 6 | |
| Castle | 2 | |
| Blacksmith | 2 | |
| Gryphon Aviary | 4 | |
| Barracks | 1 | |
| Town Hall | 5 | |
| Arcane Sanctum | 1 | |
| Workshop | 2 | |
112 total
» build order
00:07 Altar of Kings
00:18 Farm
00:59 Scout Tower
01:05 Scout Tower
01:20 Farm
01:34 Lumber Mill
01:50 Arcane Tower
01:53 Arcane Tower
01:56 Scout Tower
01:59 Scout Tower
02:10 Scout Tower
02:31 Arcane Tower
02:40 Arcane Tower
02:43 Scout Tower
02:46 Guard Tower
02:47 Scout Tower
02:53 Scout Tower
03:03 Scout Tower
03:15 Guard Tower
04:08 Scout Tower
04:08 Scout Tower
04:10 Guard Tower
04:34 Keep
04:36 Arcane Vault
04:39 Guard Tower
04:47 Scout Tower
05:02 Scout Tower
05:07 Scout Tower
05:08 Scout Tower
05:30 Scout Tower
05:31 Scout Tower
05:32 Scout Tower
05:44 Scout Tower
05:45 Scout Tower
05:47 Scout Tower
05:48 Scout Tower
05:54 Farm
06:19 Arcane Vault
06:21 Guard Tower
07:13 Castle
07:13 Castle
07:15 Blacksmith
08:16 Scout Tower
09:22 Scout Tower
09:24 Scout Tower
09:50 Guard Tower
10:01 Arcane Tower
10:02 Guard Tower
11:19 Scout Tower
11:20 Scout Tower
11:23 Gryphon Aviary
11:52 Scout Tower
11:54 Scout Tower
12:18 Guard Tower
12:25 Guard Tower
12:56 Arcane Vault
12:57 Scout Tower
13:30 Scout Tower
13:32 Guard Tower
13:41 Gryphon Aviary
14:15 Blacksmith
14:17 Farm
14:20 Farm
14:21 Barracks
14:31 Guard Tower
14:31 Scout Tower
15:13 Arcane Tower
15:13 Arcane Tower
15:41 Farm
15:43 Farm
16:20 Arcane Vault
16:21 Arcane Vault
18:25 Arcane Tower
18:56 Town Hall
19:49 Gryphon Aviary
19:51 Farm
19:52 Farm
19:53 Farm
19:55 Farm
22:24 Scout Tower
22:27 Scout Tower
22:28 Scout Tower
22:30 Scout Tower
22:31 Scout Tower
22:32 Scout Tower
22:58 Arcane Sanctum
23:08 Guard Tower
23:10 Scout Tower
23:12 Scout Tower
23:29 Town Hall
23:41 Arcane Tower
24:02 Scout Tower
24:51 Scout Tower
24:52 Scout Tower
25:11 Guard Tower
25:14 Town Hall
26:34 Guard Tower
26:37 Scout Tower
26:40 Arcane Tower
27:24 Arcane Vault
28:00 Scout Tower
28:01 Scout Tower
28:02 Scout Tower
29:26 Guard Tower
34:01 Guard Tower
34:14 Gryphon Aviary
40:41 Town Hall
41:07 Workshop
41:10 Workshop
44:42 Town Hall
58:09 Guard Tower
58:40 Guard Tower
» items
| Potion of Healing | 3 | |
| Potion of Mana | 1 | |
| Ivory Tower | 15 | |
| Boots of Speed | 2 | |
| Staff of Teleportation | 2 | |
| Scroll of Regeneration | 3 | |
| Staff of Sanctuary | 2 | |
| Scroll of Town Portal | 8 | |
| Tiny Great Hall | 1 | |
| Scroll of Protection | 1 | |
| Scroll of Healing | 2 | |
40 total
Chat log
(00:03 / All) NOTAJOKEACCT: OMG
(00:13 / All) NOTAJOKEACCT: inc greatest game of all time
(00:19 / All) tIMG4strok: do i know you,
(00:44 / All) BEAR_AND: http://highper.ch for all professional towering reps
(11:05 / Allies) tIMG4strok: woiid
(24:16 / All) NOTAJOKEACCT: aw
(50:58 / All) BEAR_AND: no blizz
(51:02 / All) NOTAJOKEACCT: lame
(69:20 / All) NOTAJOKEACCT: i'll trade you guys wood for gold
(70:56 / All) tIMG4strok: ty for win
(71:04 / All) NOTAJOKEACCT: ty for greatest game ever
(71:10 / All) tIMG4strok: huh
(71:30 / All) BEAR_AND: when you're Towering With The Bros (™) it's Always The Greatest
(71:31 / Allies) tIMG4strok:
(71:33 / All) BEAR_AND: http://highper.ch
(71:38 / Allies) tIMG4strok:
(71:47 / Allies) BEAR_AND: B
(71:49 / Allies) tIMG4strok: B
(71:51 / Allies) tIMG4strok: ›
(71:55 / Allies) tIMG4strok: C
(72:06 / Allies) tIMG4strok: D
(72:09 / Allies) tIMG4strok: œ
(72:12 / Allies) tIMG4strok: œ
(72:15 / Allies) tIMG4strok:
(73:29 / All) tIMG4strok: leave
(78:16 / All) El_Sheffieldo: good game, was fun
(78:24 / All) BEAR_AND: thats what she SAID!!!!!!!!!!!!!!!!!!!!!!!!
(78:25 / All) NADMaN: indeed
(78:27 / All) tIMG4strok: not really, i tried to shit and when i wipe it was blood
(78:30 / All) tIMG4strok: not fun for me